 Dungeon Crawl Stone Soup version 0.14-a0-1192-g192f278 (webtiles) character file.

89 PolkaDot the Grave Robber (level 2, 0/19 HPs)
             Began as a Vampire Necromancer on Nov 30, 2013.
             Slain by a hobgoblin
             ... wielding a -1,+0 orcish club
              (3 damage)
             ... on Level 1 of the Dungeon.
             The game lasted 00:03:39 (703 turns).

PolkaDot the Grave Robber (Vampire Necromancer)      Turns: 703, Time: 00:03:40

HP   0/19        AC  2     Str  7      XL: 2   Next: 93%
MP   4/5         EV 12     Int 17      God:
Gold 62          SH  0     Dex 14      Spells:  2 memorised,  1 level left

rFire  . . .     SeeInvis +     g - +0 club
rCold  . . .     Clarity  .     a - +0 robe
rNeg   . . .     Conserve .     (no shield)
rPois  .         rCorr    .     (no helmet)
rElec  .         rRot     .     (no cloak)
SustAb . .       Spirit   .     (no gloves)
rMut   .         Warding  .     (no boots)
Saprov . . .     Stasis   .     (no amulet)
                                (no ring)
                                f - ring of see invisible {unknown}

@: regenerating quickly, not resistant to hostile enchantments, stealthy
A: fangs 3, see invisible, unbreathing
a: no special abilities


You were on level 1 of the Dungeon.
You were very full.

You visited 1 branch of the dungeon, and saw 1 of its levels.

You collected 62 gold pieces.

Inventory:

Hand weapons
 g - a +0,+0 club (weapon)
Armour
 a - a +0 robe (worn)
Scrolls
 e - a scroll of immolation {unknown}
Jewellery
 f - a ring of see invisible (left hand) {unknown}
Potions
 d - a potion of curing
 h - a potion of restore abilities {unknown}
Books
 b - a book of Necromancy

   Spells                             Type                      Level
   *Pain                              Necromancy                   1
   *Animate Skeleton                  Necromancy                   1
   Lethal Infusion                    Charms/Necromancy            2
   Vampiric Draining                  Necromancy                   3
   Regeneration                       Charms/Necromancy            3
   Animate Dead                       Necromancy                   4
   Control Undead                     Necromancy                   4


   Skills:
 - Level 2.1 Dodging
 - Level 3.0 Stealth
 - Level 1.0 Spellcasting
 * Level 5.4 Necromancy


You had one spell level left.
You knew the following spells:

 Your Spells              Type           Power        Failure   Level  Hunger
a - Pain                  Necr           ###.         2%          1    ##.....
s - Animate Skeleton      Necr           N/A          2%          1    ##.....


Dungeon Overview and Level Annotations

Branches:
Dungeon (1/16)

Altars:


Innate Abilities, Weirdness & Mutations

Your natural rate of healing is unusually fast.
You have razor-sharp teeth.
You have supernaturally acute eyesight.
You can survive without breathing.


Message History

Press: ? - help, Shift-Dir - straight line, f - hobgoblin
Aim: a hobgoblin, wielding an orcish club The hobgoblin convulses in agony!
Casting: Pain
Confirm with . or Enter, or press ? or * to list all spells.
Okay, then.
You barely miss the hobgoblin.
The hobgoblin is almost dead.
The hobgoblin misses you. The hobgoblin barely misses you.
You closely miss the hobgoblin. Your bite misses the hobgoblin.
The hobgoblin is almost dead.
The hobgoblin barely misses you.
You closely miss the hobgoblin.
The hobgoblin is almost dead.
The hobgoblin hits you with an orcish club.
* * * LOW HITPOINT WARNING * * *
You hit the hobgoblin but do no damage.
The hobgoblin is almost dead.
The hobgoblin hits you with an orcish club.
You die...

..%.....##.......##..###...###...
........##.......##..............
........##.(.....##.............#
................>##..............
........##......###..###...###...
........##......###..# #...# #...
#....................###...###...
#.#####.##......###...?..........
#.## #.........@g...............
#..# ###.......##...............
##.# ####.########.###..........
#..###....### ##...# #...#######
............###...## ##.##
.................## #.#
#####............### #.#
#..z####...........# #.#
.......###%.......## #.#


You could see a hobgoblin.

Vanquished Creatures
  A giant gecko (D:1)
  3 giant cockroaches (D:1)
  A hobgoblin (D:1)
  A kobold (D:1)
  4 bats (D:1)
  A giant newt (D:1)
  2 goblins (D:1)
  3 rats (D:1)
16 creatures vanquished.

Vanquished Creatures (collateral kills)
  An adder (D:1)
  2 rats (D:1)
3 creatures vanquished.

Vanquished Creatures (others)
  A kobold skeleton (D:1)
  3 rat skeletons (D:1)
4 creatures vanquished.

Grand Total: 23 creatures vanquished

Notes
Turn   | Place    | Note
--------------------------------------------------------------
     0 | D:1      | PolkaDot, the Vampire Necromancer, began the quest for the Orb.
     0 | D:1      | Reached XP level 1. HP: 13/13 MP: 4/4
    39 | D:1      | Learned a level 1 spell: Animate Skeleton
   266 | D:1      | Reached XP level 2. HP: 13/19 MP: 5/5
   377 | D:1      | Reached skill level 5 in Necromancy
   703 | D:1      | Slain by a hobgoblin

Action                   || total
-------------------------++-------
Melee: Unarmed           ||    32
       Club              ||    42
 Cast: Pain              ||    11
       Animate Skeleton  ||     4
  Use: Potion            ||     2
